 Dungeon Crawl Stone Soup version 0.19.1 (webtiles) character file.

12300 Drake the Blocker (level 11, 0/235 HPs)
             Began as a Minotaur Fighter on May 22, 2017.
             Slain by a 13-headed hydra (8 damage)
             ... on level 1 of the Lair of Beasts.
             The game lasted 00:39:13 (9007 turns).

Drake the Blocker (Minotaur Fighter)                Turns: 9007, Time: 00:39:13

Health: 0/235      AC: 25    Str: 30    XL:     11   Next: 60%
Magic:  10/10      EV:  2    Int:  5    God:
Gold:   586        SH:  0    Dex:  9    Spells: 1 memorised, 9 levels left

rFire  . . .     SeeInvis .     a - +3 long sword
rCold  . . .     Gourm    .     (armour currently unavailable)
rNeg   + + +     Faith    .     (no shield)
rPois  +         Spirit   .     (helmet currently unavailable)
rElec  .         Reflect  .     (cloak currently unavailable)
rCorr  .         Harm     .     (gloves currently unavailable)
MR     .....     NoTele   +     (boots currently unavailable)
Stlth  ..........               (no amulet)
                                (no ring)
                                (no ring)

@: mighty, berserking, tree-form (expiring), very quick
A: (retaliatory headbutt), (horns 0)
a: no special abilities


You were on level 1 of the Lair of Beasts.
You were not hungry.
You were a tree.
You visited 3 branches of the dungeon, and saw 12 of its levels.

You collected 586 gold pieces.

Inventory:

Hand Weapons
 a - a +3 long sword (weapon)
 N - a +0 longbow
Missiles
 n - 83 bolts
 A - 131 arrows
 G - 3 throwing nets (quivered)
Armour
 b - a +0 scale mail
 c - a +0 shield
 e - a +5 ring mail of cold resistance (melded)
 r - a +2 pair of boots (melded)
 u - a +2 pair of gloves (melded)
 C - a +2 hat (melded)
 J - a +1 cloak (melded)
Rods
 F - a +1 rod of ignition (3/14)
   (You found it on level 6 of the Dungeon)
Jewellery
 t - an uncursed ring of see invisible
Wands
 i - a wand of lightning (5/15)
 q - a wand of flame (8/48)
 x - a wand of slowing (25/48)
 z - a wand of iceblast (8/15)
 B - a wand of paralysis (18/24)
 L - a wand of flame (39/48)
 P - a wand of disintegration (12/24)
 Q - a wand of enslavement (12/24)
Scrolls
 m - 3 scrolls of identify
 p - a scroll of remove curse
 v - a scroll of fog
 w - 4 scrolls of teleportation
 y - 2 scrolls of amnesia
 O - a scroll of blinking
Potions
 h - 4 potions of resistance
 o - 3 potions of lignification
 D - 2 potions of magic
Books
 E - a Young Poisoner's Handbook

   Spells                             Type                      Level
   a - Sting                          Conjuration/Poison           1
   b - Mephitic Cloud                 Conjuration/Poison/Air       3
   c - Olgreb's Toxic Radiance        Poison                       4
   d - Alistair's Intoxication        Transmutation/Poison         5
   e - Venom Bolt                     Conjuration/Poison           5
 I - a book of Cantrips

   Spells                             Type                      Level
   a - Confusing Touch                Hexes                        1
   b - Animate Skeleton               Necromancy                   1
   c - Summon Small Mammal            Summoning                    1
   d - Apportation                    Translocation                1
Comestibles
 f - 8 bread rations
 j - 4 meat rations
 k - 3 beef jerkies
 H - a slice of pizza
 K - 4 fruits
 M - a royal jelly


   Skills:
 + Level 12.4 Fighting
 + Level 12.3 Long Blades
 - Level 7.0 Armour
 + Level 12.8 Shields


You had 9 spell levels left.
You knew the following spells:

 Your Spells              Type           Power        Failure   Level  Hunger
a - Sting                 Conj/Pois      #...         56%         1    ##.....


Dungeon Overview and Level Annotations

Branches:
Dungeon (10/15)            Temple (1/1) D:4            Lair (1/6) D:10
    Orc: D:9-12

Altars:
Ashenzari
Cheibriados
Dithmenos
Elyvilon
Fedhas
Gozag
Hepliaklqana
Kikubaaqudgha
Makhleb
Nemelex Xobeh
Okawaru
Qazlal
Ru
Sif Muna
Trog
Uskayaw
Vehumet
Xom
Yredelemnul
Zin
The Shining One

Annotations:
D:10 Sonja


Innate Abilities, Weirdness & Mutations

((You reflexively headbutt those who attack you in melee.))
((You have a pair of horns on your head.))


Message History

You chop one of the 11-headed hydra's heads off!
The ten-headed hydra grows two more!
You slash the 12-headed hydra!
The 12-headed hydra is moderately wounded.
The 12-headed hydra bites you but does no damage. x6
The 12-headed hydra bites you.
* * * LOW HITPOINT WARNING * * *
The 12-headed hydra bites you but does no damage. x2
The 12-headed hydra bites you.
* * * LOW HITPOINT WARNING * * *
The 12-headed hydra bites you but does no damage. x2
Unknown command.
You slice one of the 12-headed hydra's heads off!
The 11-headed hydra grows two more!
You slice the 13-headed hydra!!
The 13-headed hydra is heavily wounded.
The 13-headed hydra bites you but does no damage. x4
The 13-headed hydra bites you.
* * * LOW HITPOINT WARNING * * *
The 13-headed hydra bites you but does no damage. x4
The 13-headed hydra bites you!
You die...

###.####.....#
#.# ##.####
#.# #..#.# #..
###.## #..
#.### .. #..P#
##..## #...#
#♣..# ##D##
#.(# #..# #...
#P... ##....
..... [?....


You could see a 13-headed hydra.

Vanquished Creatures
  Gastronok (D:9)
  Erolcha (D:9)
  An unseen horror (D:10)
  2 hill giants (D:10)
  Pikel (D:9)
  A deep elf mage (D:7)
  A centaur zombie (D:10)
  Maurice (D:9)
  Psyche (D:10)
  The ghost of Drake the Magician, a novice DECj of Hepliaklqana (D:7)
  2 hippogriffs (D:8)
  Sigmund (D:3)
  A basilisk (D:10)
  6 yaks (D:10)
  Grum (D:8)
  3 black bears
  2 ice beasts
  2 ogres
  2 orc warriors (D:9)
  5 sky beasts
  An eye of draining (D:8)
  4 phantoms
  A necrophage (D:9)
  A crocodile (D:9)
  3 wolves (D:8)
  5 centaurs
  A big kobold (D:6)
  2 bullfrogs
  A wyvern zombie (D:10)
  3 scorpions
  6 killer bees
  5 wights (D:9)
  3 howler monkeys
  An electric eel (Lair:1)
  5 jellies
  3 crimson imps
  A bullfrog zombie (D:9)
  5 orc priests
  2 bullfrog skeletons
  3 hounds
  5 orc wizards
  Jessica (D:3)
  Ijyb (D:3)
  3 iguanas
  5 worker ants
  A killer bee zombie (D:10)
  2 hound zombies
  2 hound skeletons
  A worker ant zombie (D:9)
  12 adders
  A shadow imp (D:7)
  An ooze (D:3)
  An adder skeleton (D:4)
  4 worms
  2 dart slugs
  4 leopard geckos
  23 orcs
  11 bats
  7 goblins
  7 hobgoblins
  15 jackals
  9 quokkas
  3 ball pythons
  5 frilled lizards
  A jackal zombie (D:7)
  10 kobolds
  3 quokka skeletons
  5 rats
237 creatures vanquished.

Vanquished Creatures (others)
  Prince Ribbit (D:9)
  2 slaves (D:9)
  A big kobold (D:9)
  A wight (D:9)
  A shadow imp (D:9)
  4 kobolds (D:9)
10 creatures vanquished.

Grand Total: 247 creatures vanquished

Notes
Turn   | Place    | Note
-------+----------+-------------------------------------------
     0 | D:1      | Drake the Minotaur Fighter began the quest for the Orb.
     0 | D:1      | Reached XP level 1. HP: 19/19 MP: 0/0
    82 | D:1      | Reached XP level 2. HP: 27/27 MP: 1/1
   609 | D:2      | Reached XP level 3. HP: 33/33 MP: 2/2
   787 | D:2      | Found a sparkling altar of Nemelex Xobeh.
   806 | D:2      | Reached XP level 4. HP: 36/40 MP: 3/3
  1089 | D:3      | Noticed Ijyb
  1103 | D:3      | Killed Ijyb
  1143 | D:3      | Reached XP level 5. HP: 18/47 MP: 4/4
  1454 | D:3      | Noticed Sigmund
  1481 | D:3      | Killed Sigmund
  1481 | D:3      | Reached skill level 5 in Fighting
  1481 | D:3      | Reached skill level 5 in Armour
  1481 | D:3      | Reached skill level 5 in Shields
  1481 | D:3      | Reached XP level 6. HP: 28/56 MP: 5/5
  1801 | D:3      | Noticed Jessica
  1809 | D:3      | Killed Jessica
  2300 | D:4      | Found a shadowy altar of Dithmenos.
  2501 | D:4      | Found a staircase to the Ecumenical Temple.
  2510 | Temple   | Entered the Ecumenical Temple
  2692 | D:4      | Reached skill level 5 in Long Blades
  2692 | D:4      | Reached XP level 7. HP: 59/61 MP: 6/6
  3006 | D:4      | Found a glowing golden altar of the Shining One.
  3006 | D:4      | Found a sacrificial altar of Ru.
  3154 | D:5      | Entered Level 5 of the Dungeon
  3762 | D:5      | Learned a level 1 spell: Sting
  3929 | D:5      | Reached XP level 8. HP: 42/71 MP: 7/7
  4773 | D:6      | Found a glowing golden altar of the Shining One.
  5044 | D:7      | Reached XP level 9. HP: 58/81 MP: 8/8
  5707 | D:7      | Noticed a deep elf mage
  5719 | D:7      | Killed a deep elf mage
  5779 | D:7      | Noticed Drake's ghost (novice DECj)
  5795 | D:7      | Killed Drake's ghost
  6137 | D:8      | Found a glowing silver altar of Zin.
  6155 | D:8      | Reached skill level 10 in Shields
  6256 | D:8      | Noticed Grum
  6288 | D:8      | Killed Grum
  6288 | D:8      | Reached XP level 10. HP: 34/92 MP: 9/9
  6915 | D:9      | Noticed Erolcha
  6919 | D:9      | Killed Erolcha
  6919 | D:9      | Reached skill level 10 in Fighting
  6919 | D:9      | Reached skill level 10 in Long Blades
  7205 | D:9      | Noticed Prince Ribbit
  7329 | D:9      | Noticed Pikel
  7337 | D:9      | Killed Pikel
  7518 | D:9      | Noticed Gastronok
  7532 | D:9      | Killed Gastronok
  7532 | D:9      | Reached XP level 11. HP: 79/102 MP: 10/10
  7613 | D:9      | Found a hazy altar of Hepliaklqana.
  7614 | D:9      | Found a white marble altar of Elyvilon.
  7735 | D:9      | Killed Prince Ribbit
  7909 | D:10     | Entered Level 10 of the Dungeon
  7909 | D:10     | Noticed Maurice
  7909 | D:10     | Noticed Psyche
  7921 | D:9      | Killed Maurice
  8005 | D:10     | Killed Psyche
  8024 | D:10     | Noticed a hill giant
  8032 | D:10     | Killed a hill giant
  8105 | D:10     | Found a staircase to the Lair.
  8317 | D:10     | Noticed Sonja
  8691 | D:10     | Noticed an unseen horror
  8706 | D:10     | Killed an unseen horror
  8709 | D:10     | Noticed a hill giant
  8717 | D:10     | Killed a hill giant
  8807 | Lair:1   | Entered Level 1 of the Lair of Beasts
  8969 | Lair:1   | Noticed a seven-headed hydra
  8971 | Lair:1   | Identified a +1 rod of ignition (14/14) (You found it on level 6 of the Dungeon)
  9006 | Lair:1   | HP: 11/235 [12-headed hydra (1)]
  9007 | Lair:1   | Slain by a 13-headed hydra

Skill      XL: |  1  2  3  4  5  6  7  8  9 10 11 |
---------------+----------------------------------+-----
Fighting       | 4 5 6 7 9 11 12 | 12.4
Shields        | 4 5 6 8 10 11 12 | 12.8
Armour         | 4 5 6 7 |  7.0
Long Blades    | 3 4 5 7 9 11 12 | 12.3

Action                   |  1- 3 |  4- 6 |  7- 9 | 10-12 || total
-------------------------+-------+-------+-------+-------++-------
Melee: Long sword        |    99 |   126 |   278 |   324 ||   827
       Headbutt          |    15 |    23 |    53 |    68 ||   159
 Fire: Longbow           |       |       |       |     5 ||     5
 Cast: Sting             |       |       |       |     1 ||     1
Evoke: Rod               |       |       |       |     2 ||     2
  Use: Scroll            |     1 |       |    17 |     3 ||    21
       Potion            |       |     2 |     1 |    19 ||    22
  Eat: Beef jerky        |       |     1 |       |       ||     1
       Meat ration       |       |     1 |     3 |     2 ||     6
Armor: Scale mail        |    38 |       |       |       ||    38
       Ring mail         |    16 |    55 |   123 |   101 ||   295
       Skin              |       |       |       |   141 ||   141
Dodge: Dodged            |    31 |    41 |    94 |   113 ||   279
Block: Shield            |    57 |    52 |   155 |   168 ||   432
       Rpst.: Long sword |     7 |    11 |    22 |    25 ||    65
